 Dungeon Crawl Stone Soup version 0.29-a0-194-g6e3aafee17 (webtiles) character file.

Game seed: 5023783326538920624

4904 fragbeetle the Quickloader (level 10, -19/83 HPs)
             Began as a Minotaur Hunter on Feb 23, 2022.
             Was a Believer of Hepliaklqana.
             Demolished by a white very ugly thing (29 damage)
             ... on level 1 of the Abyss.
             The game lasted 00:18:49 (9533 turns).

fragbeetle the Quickloader (Minotaur Hunter)        Turns: 9533, Time: 00:18:49

Health: -19/83     AC: 21    Str: 20    XL:     10   Next: 27%
Magic:  9/9        EV:  5    Int:  7    God:    Hepliaklqana [**....]
Gold:   517        SH: 11    Dex: 15    Spells: 9/9 levels left

rFire   . . .      SeeInvis .   a - +1 hand crossbow
rCold   . . .      Faith    .   A - +0 kite shield
rNeg    + . .      Spirit   .   x - +1 plate armour of Satisfaction {rElec Dex+3 Stlth+}
rPois   +          Reflect  .   (helmet restricted)
rElec   +          Harm     .   r - +2 ratskin cloak {*Rats rPois rN+ Str-1 Int-1 Dex+1}
rCorr   .          Rampage  .   E - +2 pair of gloves
Will    .....                   F - +0 pair of boots
Stlth   ..........              o - amulet of the acrobat
HPRegen 0.00/turn               (no ring)
MPRegen 0.11/turn               (no ring)

@: about to teleport, sick
A: reduced essence, horns 2, retaliatory headbutt
a: Renounce Religion, Recall Ancestor, Ancestor Identity


You were on level 1 of the Abyss.
You worshipped Hepliaklqana.
Hepliaklqana was pleased with you.
You visited 2 branches of the dungeon, and saw 10 of its levels.
You visited the Abyss 1 time.
You also visited: Sewer.

You collected 517 gold pieces.

Inventory:

Hand Weapons
 a - a +1 hand crossbow (weapon)
 b - a +5 long sword
 q - a +2 war axe of holy wrath
 z - a +2 dagger of draining
Missiles
 n - 2 curare-tipped darts
 p - 9 silver boomerangs
 K - 12 poisoned darts
Armour
 e - +0 swamp dragon scales
 r - the +2 ratskin cloak (worn) {*Rats rPois rN+ Str-1 Int-1 Dex+1}
   (You found it on level 3 of the Dungeon)

   When the wearer is hurt, rats may emerge from it to assist them.
   Str:       It affects your strength (-1).
   Int:       It affects your intelligence (-1).
   Dex:       It affects your dexterity (+1).
   rPois:     It protects you from poison.
   rN:        It protects you from negative energy.
 x - the +1 plate armour of Satisfaction (worn) {rElec Dex+3 Stlth+}
   (You took it off a goblin on level 3 of the Dungeon)

   Dex:       It affects your dexterity (+3).
   rElec:     It insulates you from electricity.
   Stlth:     It makes you more stealthy.
 A - a +0 kite shield (worn)
 E - a +2 pair of gloves (worn)
 F - a +0 pair of boots (worn)
Jewellery
 o - an amulet of the acrobat (around neck)
 L - an amulet of magic regeneration
 M - a ring of protection from fire
Wands
 f - a wand of acid (19)
 y - a wand of flame (65)
 D - a wand of paralysis (10)
 G - a wand of iceblast (8)
 J - a wand of mindburst (7)
Scrolls
 c - 2 scrolls of silence
 d - 3 scrolls of identify
 h - 2 scrolls of teleportation
 k - a scroll of enchant armour {unknown}
 s - 2 scrolls of fog
 t - a scroll of brand weapon {unknown}
 u - 3 scrolls of vulnerability {unknown}
 v - 2 scrolls of magic mapping {unknown}
 B - a scroll of torment {unknown}
Potions
 g - 4 potions of attraction
 i - 6 potions of flight
 j - a potion of haste {unknown}
 l - a potion of berserk rage {unknown}
 m - a potion of might {unknown}
 w - a potion of invisibility {unknown}
 C - 2 potions of mutation
 H - 3 potions of lignification
 I - a potion of brilliance {unknown}
 N - a potion of curing


   Skills:
 - Level 10.0 Fighting
 - Level 10.0 Crossbows
 + Level 6.4 Armour
 - Level 2.1 Dodging
 - Level 0.7 Stealth
 - Level 10.0 Shields


You had 9 spell levels left.
You didn't know any spells.
Your spell library contained the following spells:

 Spells                   Type           Power      Damage    Failure   Level
 Freeze                   Ice            0%         1d3       100%        1
 Frozen Ramparts          Ice            0%         1d2       100%        3
 Hailstorm                Conj/Ice       0%         3d3       100%        4


Dungeon Overview and Level Annotations

Branches:
Dungeon (9/15)             Temple (1/1) D:4           Sewer (visited)
   Lair: D:8-11         Orc: D:9-12

Altars:
Ashenzari
Cheibriados
Dithmenos
Elyvilon
Fedhas
Gozag
Hepliaklqana
Kikubaaqudgha
Makhleb
Nemelex Xobeh
Okawaru
Qazlal
Ru
Sif Muna
Trog
Uskayaw
Vehumet
Wu Jian
Xom
Yredelemnul
Zin
The Shining One

Shops:
D:2 (

Annotations:
D:4 1 runed translucent door, dr0g0th's ghost, amateur GrFi
D:9 Erolcha


Innate Abilities, Weirdness & Mutations

Your life essence is reduced to manifest your ancestor. (-10% HP)
You have a pair of horns on your head.
You reflexively headbutt those who attack you in melee.


Message History

Buttercup closely misses the flying skull.
The flying skull hits you but does no damage.
Buttercup closely misses the flying skull.
You shoot a bolt. The bolt hits the flying skull!
The flying skull is severely damaged.
The flying skull hits you but does no damage.
You block the flying skull's attack.
Buttercup hits the flying skull but does no damage.
The flying skull hits Buttercup but does no damage.
Buttercup hits the flying skull but does no damage.
You shoot a bolt. The bolt hits the flying skull.
The flying skull is almost destroyed.
The flying skull barely misses you.
Buttercup hits the flying skull with a +0 flail!
The flying skull is destroyed!
The white very ugly thing pecks you.
The white very ugly thing freezes you!!!
Ouch! That really hurt!
A hell rat scurries out from under your cloak.
Buttercup hits the white very ugly thing with a +0 flail.
Your hell rat bites the white very ugly thing but does no damage.
The white very ugly thing barely misses Buttercup.
You block the white very ugly thing's attack.
Your hell rat barely misses the white very ugly thing.
Something barely misses Buttercup.
Buttercup blocks something's attack. x2
Your hell rat bites the white very ugly thing!
You feel ill.
The white very ugly thing closely misses Buttercup.
The white very ugly thing closely misses Buttercup.
The white very ugly thing closely misses you.
As you read the scroll of teleportation, it crumbles to dust.
You feel strangely unstable.
You feel the power of the Abyss delaying your translocation!
Your hell rat bites the white very ugly thing!
Your hell rat drains the white very ugly thing.
The white very ugly thing pecks you!
* * * LOW HITPOINT WARNING * * *
A river rat scurries out from under your cloak.
The white very ugly thing freezes you!!
You die...

#####.#...### .#
....##..2...##...
..................
........u.........
........R.........
##. ..##.#.###.###
..##.##..r## # #
#..#.u#....#
..#.§@#...##
......§r.......
..#.#..#.#....# #
### .#.#.#..
#.##.... .# #. .#
..


You could see the friendly Buttercup the knight, 2 very ugly things, a shadow
demon, a friendly hell rat and a friendly river rat.

Vanquished Creatures
  Maggie (D:6)
  2 yaks (D:8)
  Eustachio (D:3)
  A steam dragon (D:4)
  A water moccasin (D:7)
  An ice beast (D:7)
  An orc warrior (D:8)
  4 black bears
  2 ogres
  2 centaurs
  2 scorpions
  4 wights (D:4)
  A howler monkey (D:8)
  A centaur zombie (D:5)
  2 bullfrog zombies
  A jelly (D:6)
  A hound (D:7)
  2 gnoll shamans
  An orc priest (D:8)
  A bullfrog skeleton (D:6)
  An iguana (D:6)
  2 orc wizards
  A scorpion zombie (D:5)
  Terence (D:3)
  A hound skeleton (D:4)
  2 howler monkey zombies
  14 gnolls
  3 river rats (Sewer)
  17 adders
  4 worms
  16 orcs
  7 bats
  3 endoplasms
  A giant cockroach (Sewer)
  7 goblins
  5 hobgoblins
  2 jackals
  2 kobolds
  6 quokkas
  15 ball pythons
  5 frilled lizards
  3 rats
150 creatures vanquished.

Vanquished Creatures (collateral kills)
  Grinder (D:6)
  A flying skull (Abyss:1)
  3 yaks (D:8)
  A water moccasin (D:7)
  An orc warrior (D:8)
  2 necrophages
  An ogre (D:4)
  A centaur (D:8)
  Blork the orc (D:6)
  2 bullfrogs (D:7)
  A wight (D:4)
  3 howler monkeys
  2 centaur zombies (D:8)
  2 orc priests (D:8)
  A jelly (D:8)
  A bullfrog skeleton (D:6)
  5 orc wizards
  A killer bee zombie (D:8)
  5 gnolls
  3 river rats (Sewer)
  An orc (D:8)
  2 goblins (D:4)
41 creatures vanquished.

Vanquished Creatures (others)
  A knight (D:9)
  An orc wizard (D:6)
  An ancestor (D:6)
  An orc (D:6)
  16 plants (D:5)
20 creatures vanquished.

Grand Total: 211 creatures vanquished

Notes
Turn   | Place    | Note
-------+----------+-------------------------------------------
     0 | D:1      | fragbeetle the Minotaur Hunter began the quest for the Orb.
     0 | D:1      | Reached XP level 1. HP: 18/18 MP: 0/0
   153 | D:1      | Found a faded altar of an unknown god.
   850 | D:2      | Reached XP level 2. HP: 25/25 MP: 1/1
   915 | D:2      | Reached skill level 5 in Crossbows
   946 | D:2      | Found a basalt altar of Yredelemnul.
   996 | D:2      | Reached XP level 3. HP: 30/30 MP: 2/2
  1330 | D:2      | Found Erghiqal's Antique Weapon Boutique.
  1636 | D:3      | Found the +2 ratskin cloak {*Rats rPois rN+ Str-1 Int-1
                  | Dex+1}
  1640 | D:3      | Found a glowing drain.
  1667 | Sewer    | Entered a sewer
  1680 | Sewer    | Reached XP level 4. HP: 37/37 MP: 3/3
  2094 | Sewer    | Reached XP level 5. HP: 38/42 MP: 4/4
  2612 | D:3      | Identified the +1 plate armour of Satisfaction {rElec Dex+3
                  | Stlth+}
  2716 | D:3      | Noticed Terence
  2721 | D:3      | Killed Terence
  2918 | D:3      | Reached XP level 6. HP: 31/50 MP: 5/5
  3089 | D:4      | Noticed a steam dragon
  3204 | D:4      | Noticed Eustachio
  3227 | D:3      | Killed Eustachio
  3334 | D:4      | Noticed dr0g0th's ghost (amateur GrFi)
  3343 | D:4      | Found a runed translucent door.
  3352 | D:4      | Reached XP level 7. HP: 56/56 MP: 6/6
  3790 | D:4      | Reached skill level 10 in Crossbows
  3935 | D:4      | Found a staircase to the Ecumenical Temple.
  3947 | Temple   | Entered the Ecumenical Temple
  4226 | Temple   | Became a worshipper of Hepliaklqana the Forgotten
  4430 | D:4      | Reached skill level 5 in Fighting
  5095 | D:4      | Killed a steam dragon
  5096 | D:4      | Reached XP level 8. HP: 38/70 MP: 7/7
  5423 | D:5      | Entered Level 5 of the Dungeon
  5975 | D:5      | Reached * piety under Hepliaklqana
  6322 | D:6      | Noticed Grinder
  6322 | D:6      | Noticed Maggie
  6740 | D:6      | Killed Grinder
  6745 | D:6      | Killed Maggie
  6746 | D:6      | Reached skill level 10 in Fighting
  6746 | D:6      | Reached XP level 9. HP: 76/76 MP: 8/8
  6799 | D:6      | Reached skill level 1 in Shields
  7035 | D:6      | Noticed Blork the orc
  7042 | D:6      | Killed Blork the orc
  7294 | D:6      | Reached skill level 5 in Shields
  7699 | D:7      | Identified the +4 hand axe of Pirynoez {vorpal, Int+4}
  7892 | D:7      | Reached ** piety under Hepliaklqana
  7893 | D:7      | Remembered your ancestor Buttercup as a knight
  8708 | D:8      | Reached XP level 10. HP: 83/83 MP: 9/9
  8829 | D:8      | Reached skill level 5 in Armour
  8832 | D:8      | Reached skill level 10 in Shields
  9411 | D:9      | Found a glowing golden altar of the Shining One.
  9425 | D:9      | Noticed Erolcha
  9430 | D:9      | Cast into level 1 of the Abyss (Erolcha)
  9485 | Abyss:1  | Noticed a starcursed mass
  9498 | Abyss:1  | Noticed a white ugly thing
  9498 | Abyss:1  | Noticed a white very ugly thing
  9500 | Abyss:1  | Noticed a white very ugly thing
  9507 | Abyss:1  | Noticed a shadow demon
  9510 | Abyss:1  | Noticed a smoke demon
  9533 | Abyss:1  | Demolished by a white very ugly thing

Illustrated notes

Levels and vault maps discovered:
D:1:      matt_arrival_debris, layout_basic, chequers_ecumenical_altar_lobes,
          chequers_arboretum, minmay_misc_feat_nine_boxes, st_stairs_1
D:2:      layout_basic, basic_altar, serial_shops, shop,
          chequers_serial_rivers_marsh
D:3:      layout_rooms, cheibrodos_sewer_entry_sluice, uniq_terence
D:4:      minmay_recursive_quarters, layout_layer_cave, temple_fountains,
          hellmonk_ghost_happy_afterlife, uniq_eustachio
D:5:      layout_basic, serial_bayou, serial_bayou_pond_c,
          serial_bayou_lagoon_b, serial_bayou_shore_b, serial_bayou_pond_b
D:6:      layout_cave_pools, minmay_statues_item, uniq_grinder, uniq_maggie,
          uniq_blork_the_orc
D:7:      layout_basic, skrybe_limestone_x
D:8:      layout_loops_ring, kennysheep_big_empty_room,
          kennysheep_generic_room_11
D:9:      layout_gridville, tso_altar, erik_lair_island, uniq_erolcha
Temple:   mainiacjoe_temple_hex_bubbles
Abyss:1:  base:
D:1

Skill      XL: |  1  2  3  4  5  6  7  8  9 10 |
---------------+-------------------------------+-----
Crossbows      | 5 6 7 8 9 10 | 10.0
Fighting       | 6 10 | 10.0
Armour         | 3 4 6 |  6.4
Shields        | 9 10 | 10.0
Dodging        | |  2.1
Stealth        | |  0.7

Action                   |  1- 3 |  4- 6 |  7- 9 | 10-12 || total
-------------------------+-------+-------+-------+-------++-------
Melee: Dagger            |       |     7 |       |       ||     7
       Headbutt          |       |     1 |    15 |       ||    16
       Long sword        |       |       |    73 |       ||    73
       Punch             |       |       |     3 |       ||     3
 Fire: Hand crossbow     |    84 |   122 |   234 |    62 ||   502
Throw: Dart              |       |     1 |       |     2 ||     3
Invok: Recall Ancestor   |       |       |     2 |     1 ||     3
       Ancestor Identity |       |       |     1 |       ||     1
       Ancestor Life: Kn |       |       |     1 |       ||     1
Evoke: Wand              |       |     2 |     3 |       ||     5
  Use: Scroll            |       |       |       |     7 ||     7
 Stab: Paralysed         |       |       |     4 |       ||     4
Armor: Leather armour    |     7 |    22 |       |       ||    29
       Plate armour      |       |    77 |   177 |     6 ||   260
Dodge: Dodged            |    14 |    86 |    76 |     4 ||   180
Block: Kite shield       |       |       |     1 |     9 ||    10

Table legend: (Time is in decaauts)
 A = Elapsed time spent in this place.
 B = Non-inter-level travel time spent in this place.
 C = Inter-level travel time spent in this place.
 D = Time resting spent in this place.
 E = Time spent auto-exploring this place.
 F = Levels seen in this place.
 G = Mean time per level.
                   A        B        C        D        E       F      G
               +--------+--------+--------+--------+--------+-----+--------+
         Total |   9979 |   9591 |    388 |    775 |   7012 |  12 |  831.6 |
       Dungeon |   8499 |   8175 |    324 |    459 |   6277 |   9 |  944.3 |
        Temple |    305 |    241 |     64 |      0 |    236 |   1 |  305.0 |
         Abyss |    105 |    105 |      0 |      0 |      0 |   1 |  105.0 |
         Sewer |   1069 |   1069 |      0 |    316 |    498 |   1 | 1069.0 |
               +--------+--------+--------+--------+--------+-----+--------+

Top non-repeatable levels by time:
     D:4: 2237 daAuts
   Sewer: 1069 daAuts
     D:7: 1043 daAuts
     D:5: 1042 daAuts
     D:8: 971 daAuts
     D:1: 851 daAuts
     D:2: 791 daAuts
     D:3: 770 daAuts
     D:6: 680 daAuts
  Temple: 305 daAuts
     D:9: 111 daAuts
 Abyss:1: 105 daAuts
